 Dungeon Crawl Stone Soup version 0.19.1 (webtiles) character file.

7170 CanadianGator the Grappler (level 10, -2/100 HPs)
             Began as a Troll Berserker on Nov 28, 2016.
             Was a High Priest of Trog.
             Slain by an unseen horror (10 damage)
             ... on level 10 of the Dungeon.
             The game lasted 00:29:13 (7143 turns).

CanadianGator the Grappler (Troll Berserker)        Turns: 7143, Time: 00:29:14

Health: -2/100     AC:  6    Str: 27    XL:     10   Next: 86%
Magic:  9/9        EV: 13    Int:  3    God:    Trog [*****.]
Gold:   251        SH:  0    Dex: 12    Spells: 0 memorised, 9 levels left

rFire  . . .     SeeInvis .       - Unarmed
rCold  . . .     Gourm    +     a - +0 animal skin
rNeg   . . .     Faith    +     (no shield)
rPois  .         Spirit   .     (helmet restricted)
rElec  .         Reflect  .     p - +0 cloak
rCorr  .         Harm     .     (gloves unavailable)
MR     .....     Rnd*Rage +     (boots unavailable)
Stlth  +.........               J - amulet of faith
                                (no ring)
                                (no ring)

@: confused
A: unfitting armour, claws 3, berserk 1, fast metabolism 3, gourmand,
regeneration 1, shaggy fur 1, tough skin 2
a: Berserk, Trog's Hand, Brothers in Arms, Burn Spellbooks, Renounce Religion


You were on level 10 of the Dungeon.
You worshipped Trog.
Trog was extremely pleased with you.
You were full.

You visited 1 branch of the dungeon, and saw 10 of its levels.

You collected 534 gold pieces.
You spent 283 gold pieces at shops.

Inventory:

Missiles
 q - 2 javelins of returning
 P - 9 large rocks (quivered)
Armour
 a - a +0 animal skin (worn)
 p - a +0 cloak (worn)
Jewellery
 J - an amulet of faith (around neck)
Wands
 c - a wand of slowing (23/48)
 k - a wand of paralysis (11/24)
 y - a wand of digging (17/24)
 L - a wand of enslavement (6/24)
Scrolls
 d - 8 scrolls of remove curse
 e - a scroll of enchant armour {unknown}
 g - 3 scrolls of teleportation
 j - a scroll of noise
 m - a scroll of recharging
 s - 4 scrolls of blinking
 x - 4 scrolls of magic mapping
 A - 3 scrolls of fear {unknown}
 C - 2 scrolls of acquirement {unknown}
 E - 3 scrolls of fog
 G - 4 scrolls of amnesia {unknown}
 K - a scroll of enchant weapon {unknown}
Potions
 f - 2 potions of haste
 h - 3 potions of degeneration {unknown}
 n - a potion of ambrosia
 r - 5 potions of lignification
 u - 2 potions of brilliance {unknown}
 v - 3 potions of might
 w - a potion of cure mutation
 z - a potion of magic {unknown}
 B - 2 potions of heal wounds {unknown}
 D - 4 potions of resistance
 F - a potion of mutation {unknown}
Miscellaneous
 M - a lamp of fire
 N - a sack of spiders
Comestibles
 b - 10 bread rations
 l - 5 fruits
 o - 9 meat rations
 t - 2 beef jerkies
 I - 3 royal jellies


   Skills:
 + Level 6.8 Fighting
 + Level 6.5 Throwing
 + Level 6.9 Dodging
 * Level 11.0 Unarmed Combat


You had 9 spell levels left.
You didn't know any spells.

Dungeon Overview and Level Annotations

Branches:
Dungeon (10/15)            Temple (0/1) D:7            Lair (0/6) D:8
    Orc (0/2) D:9

Altars:
Cheibriados
Dithmenos
Makhleb
Ru
The Shining One

Shops:
D:5 (*(}   D:9 (


Innate Abilities, Weirdness & Mutations

You are too large for most types of armour.
You have claws for hands.
Your metabolism is lightning-fast.
You like to eat raw meat.
Your natural rate of healing is unusually fast.
You are covered in fur. (AC +1)
You have very tough skin. (AC +2)
You tend to lose your temper in combat.


Message History

Something hits you.
* * * LOW HITPOINT WARNING * * *
You closely miss something. Something hits you but does no damage.
You closely miss something. Something hits you.
* * * LOW HITPOINT WARNING * * *
You feel better. Something hits you.
* * * LOW HITPOINT WARNING * * *
Something hits you but does no damage. Something hits you.
* * * LOW HITPOINT WARNING * * *
You see here a killer bee corpse.
Your skin stops crawling.
You feel less resistant to hostile enchantments.
Something hits you!
* * * LOW HITPOINT WARNING * * *
You are confused.
You feel invigorated. Something hits you!
* * * LOW HITPOINT WARNING * * *
Something hits you!
You die...

## ###### ### .. .....
..# .## # #..# #.#####
#.#. ...##..####/##..
...# #.....@.##.##.# ..##
####..#{##.##.#####...#
..####..#†{.)..((.>......
........))...##.#..##.#.#
#.#############.#.....#.#
#>......#.# ###.##.##.#
#.......# ####.##..


There were no monsters in sight!

Vanquished Creatures
  A centaur warrior (D:10)
  A hill giant (D:10)
  A merfolk (D:9)
  2 hippogriffs
  Eustachio (D:5)
  A hungry ghost (D:7)
  Grum (D:8)
  A water moccasin (D:6)
  4 orc warriors
  4 ice beasts
  2 black bears
  2 phantoms (D:9)
  4 sky beasts
  An ogre (D:6)
  3 wolves (D:8)
  7 centaurs
  A big kobold (D:10)
  2 bullfrogs (D:6)
  3 scorpions
  3 killer bees (D:10)
  3 howler monkeys
  7 crimson imps
  2 jellies
  2 quasits
  4 hounds
  2 centaur skeletons
  2 centaur zombies
  3 bullfrog skeletons
  5 orc priests
  10 orc wizards
  Natasha (D:3)
  7 worker ants
  5 iguanas
  2 hound zombies
  2 hound skeletons
  2 worker ant zombies (D:5)
  7 gnolls
  7 adders
  A shadow imp (D:6)
  An ooze (D:1)
  2 worms
  2 dart slugs
  4 leopard geckos
  23 orcs
  3 ball pythons
  5 giant cockroaches
  14 goblins
  6 hobgoblins
  7 jackals
  10 kobolds
  2 quokkas
  10 bats
  4 frilled lizards
  2 quokka skeletons
  12 rats
226 creatures vanquished.

Notes
Turn   | Place    | Note
-------+----------+-------------------------------------------
     0 | D:1      | CanadianGator the Troll Berserker began the quest for the Orb.
     0 | D:1      | Reached XP level 1. HP: 22/22 MP: 0/0
   149 | D:1      | Reached XP level 2. HP: 25/29 MP: 1/1
   352 | D:1      | Reached XP level 3. HP: 30/36 MP: 2/2
   498 | D:1      | Reached ** piety under Trog
   948 | D:2      | Reached skill level 4 in Unarmed Combat
  1187 | D:2      | Reached XP level 4. HP: 44/44 MP: 3/3
  1640 | D:3      | Noticed Natasha
  1643 | D:3      | Killed Natasha
  1643 | D:3      | Reached *** piety under Trog
  1643 | D:3      | Reached XP level 5. HP: 53/53 MP: 4/4
  1987 | D:4      | Reached skill level 1 in Throwing
  2246 | D:4      | Reached XP level 6. HP: 61/61 MP: 5/5
  2422 | D:5      | Entered Level 5 of the Dungeon
  2422 | D:5      | Found Did Egae's Antique Weapon Boutique.
  2432 | D:5      | Reached skill level 5 in Unarmed Combat
  2494 | D:5      | Noticed Eustachio
  2514 | D:5      | Killed Eustachio
  2599 | D:5      | Found Kesothick's Gadget Shop.
  2641 | D:5      | Reached XP level 7. HP: 47/68 MP: 6/6
  2688 | D:5      | Reached skill level 6 in Unarmed Combat
  2779 | D:5      | Gained mutation: You heal very quickly. [mutagenic meat]
  2780 | D:5      | Gained mutation: Your system is resistant to poisons. (rPois) [mutagenic meat]
  2808 | D:5      | Found Pinanum's Assorted Antiques.
  2820 | D:5      | Bought a scroll labeled SOFETH JIEKEOGH for 26 gold pieces
  2820 | D:5      | Bought a dented soapstone amulet for 130 gold pieces
  2820 | D:5      | Bought a glowing pink potion for 23 gold pieces
  2820 | D:5      | Bought 3 scrolls labeled XIAR VAMIEW for 78 gold pieces
  2820 | D:5      | Bought a scroll labeled WIB DONACKON for 26 gold pieces
  2883 | D:5      | Found a sacrificial altar of Ru.
  2998 | D:5      | Found Xuumm's Antique Weapon Emporium.
  3020 | D:5      | Found a glowing golden altar of the Shining One.
  3111 | D:6      | Reached XP level 8. HP: 72/78 MP: 7/7
  3171 | D:6      | Reached **** piety under Trog
  3171 | D:6      | Reached skill level 7 in Unarmed Combat
  3242 | D:6      | Found a shadowy altar of Dithmenos.
  3487 | D:6      | Reached skill level 5 in Dodging
  3885 | D:6      | Reached skill level 5 in Fighting
  3885 | D:6      | Reached skill level 8 in Unarmed Combat
  3900 | D:7      | Found a staircase to the Ecumenical Temple.
  3945 | D:7      | Reached XP level 9. HP: 85/88 MP: 8/8
  3989 | D:7      | Found a snail-covered altar of Cheibriados.
  4156 | D:7      | Found a burning altar of Makhleb.
  4642 | D:7      | Reached skill level 9 in Unarmed Combat
  5206 | D:8      | Reached skill level 5 in Throwing
  5328 | D:8      | Noticed Grum
  5338 | D:8      | Killed Grum
  5580 | D:8      | Found a staircase to the Lair.
  5710 | D:9      | Reached XP level 10. HP: 83/98 MP: 9/9
  5714 | D:9      | Gained mutation: You tend to lose your temper in combat. [mutagenic meat]
  5715 | D:9      | Gained mutation: Your magical capacity is low. (-10% MP) [mutagenic meat]
  5716 | D:9      | Gained mutation: You are somewhat resistant to further mutation. [mutagenic meat]
  5806 | D:9      | Reached ***** piety under Trog
  5920 | D:9      | Reached skill level 10 in Unarmed Combat
  6321 | D:9      | Found Teacla's Antique Weapon Shop.
  6469 | D:9      | Found a staircase to the Orcish Mines.
  6730 | D:10     | Entered Level 10 of the Dungeon
  6967 | D:10     | Noticed a hill giant
  6970 | D:10     | Noticed a centaur warrior
  6977 | D:10     | Killed a hill giant
  6981 | D:10     | Killed a centaur warrior
  7060 | D:10     | Reached skill level 11 in Unarmed Combat
  7119 | D:10     | Lost mutation: Your magical capacity is low. (-10% MP) [potion of cure mutation]
  7119 | D:10     | Lost mutation: You heal very quickly. [potion of cure mutation]
  7119 | D:10     | Lost mutation: Your system is resistant to poisons. (rPois) [potion of cure mutation]
  7119 | D:10     | Lost mutation: You are somewhat resistant to further mutation. [potion of cure mutation]
  7119 | D:10     | HP: 1/100 [killer bee (8)]
  7142 | D:10     | HP: 3/100 [something (8)]
  7143 | D:10     | Slain by an unseen horror

Skill      XL: |  1  2  3  4  5  6  7  8  9 10 |
---------------+-------------------------------+-----
Unarmed Combat | 4 5 6 8 9 11 | 11.0
Dodging        | 3 4 5 6 |  6.9
Fighting       | 3 4 5 6 |  6.8
Throwing       | 1 2 3 4 5 6 |  6.5

Action                   |  1- 3 |  4- 6 |  7- 9 | 10-12 || total
-------------------------+-------+-------+-------+-------++-------
Melee: Unarmed           |   139 |    92 |   240 |   178 ||   649
       Punch             |       |     3 |     7 |    11 ||    21
Throw: Javelin           |       |    27 |    32 |       ||    59
Invok: Berserk           |       |     3 |     1 |     2 ||     6
       Trog's Hand       |       |     1 |       |     1 ||     2
       Burn Spellbooks   |       |       |       |     1 ||     1
  Use: Scroll            |       |       |    12 |     1 ||    13
       Potion            |       |       |       |     6 ||     6
 Stab: Distracted        |       |       |     2 |     1 ||     3
  Eat: Chunk             |    11 |    20 |    22 |    24 ||    77
       Meat ration       |       |       |     1 |       ||     1
Armor: Animal skin       |    64 |    31 |    65 |    53 ||   213
Dodge: Dodged            |    80 |    43 |   120 |   130 ||   373
